 Dungeon Crawl Stone Soup version 0.28.0-1-gb440e238dd (webtiles) character file.

Game seed: 2448793657744077405

6456 Zeldest the Summoner (level 10, 0/53 HPs)
             Began as a Vine Stalker Summoner on Feb 21, 2022.
             Was a Priest of Cheibriados.
             Succumbed to Grum's poison
             ... on level 9 of the Dungeon.
             The game lasted 00:45:22 (5106 turns).

Zeldest the Summoner (Vine Stalker Summoner)        Turns: 5106, Time: 00:45:23

Health: 0/53       AC:  9    Str: 17 (18) XL:     10   Next: 99%
Magic:  9/15       EV: 12    Int: 23 (26) God:    Cheibriados [***...]
Gold:   434        SH:  0    Dex: 19 (22) Spells: 4/14 levels left

rFire   . . .      SeeInvis +   w - +3 spear (venom)
rCold   . . .      Faith    .   h - +0 buckler
rNeg    . . .      Spirit   +   v - +2 steam dragon scales
rPois   .          Reflect  .   c - +0 helmet
rElec   .          Harm     .   C - +0 cloak
rCorr   .          Rampage  .   (no gloves)
Will    +....                   (no boots)
Stlth   +.........              (no amulet)
HPRegen 0.97/turn               A - ring of see invisible
MPRegen 0.14/turn               (no ring)

@: confused, lethally poisoned (0 -> -12), about to teleport, ambrosia-drunk,
very slow
A: fangs 3, regeneration 1, magic shield, antimagic bite, no potion heal 2
a: Renounce Religion, Bend Time, Temporal Distortion


You were on level 9 of the Dungeon.
You worshipped Cheibriados.
Cheibriados was most pleased with you.
You visited 2 branches of the dungeon, and saw 10 of its levels.

You collected 461 gold pieces.
You spent 23 gold pieces at shops.
You donated 4 gold pieces to Zin.

Inventory:

Hand Weapons
 f - a +1 vorpal spear
 o - a +2 vorpal trident
 w - a +3 spear of venom (weapon)
Missiles
 d - 3 curare-tipped darts (quivered)
Armour
 b - a +2 robe of positive energy
 c - a +0 helmet (worn)
 h - a +0 buckler (worn)
 u - the +0 buckler "Dopliere" {rF+++ rC- Str+2 Dex+3}
   (You found it on level 6 of the Dungeon)

   Str:       It affects your strength (+2).
   Dex:       It affects your dexterity (+3).
   rF:        It renders you almost immune to fire.
   rC:        It makes you vulnerable to cold.
 v - +2 steam dragon scales (worn)
 C - a +0 cloak (worn)
Jewellery
 e - a ring of flight
 A - a ring of see invisible (left hand)
Wands
 i - a wand of charming (4)
 x - a wand of digging (3)
 E - a wand of polymorph (15)
 I - a wand of flame (6)
Scrolls
 a - 3 scrolls of amnesia
 g - 3 scrolls of vulnerability
 j - 4 scrolls of teleportation
 q - a scroll of holy word {unknown}
 s - a scroll of torment {unknown}
 y - 2 scrolls of blinking {unknown}
 B - 3 scrolls of magic mapping
 D - a scroll of immolation {unknown}
 F - a scroll of silence {unknown}
Potions
 k - 3 potions of mutation
 m - a potion of curing
 n - a potion of flight {unknown}
 p - a potion of cancellation {unknown}
 r - 2 potions of brilliance
 t - a potion of attraction {unknown}
 z - 2 potions of might
 G - a potion of resistance {unknown}


   Skills:
 + Level 6.6 Fighting
 - Level 1.5 Dodging
 - Level 2.4 Stealth
 - Level 4.0 Shields
 + Level 7.2 Unarmed Combat
 - Level 2.7 Spellcasting
 - Level 8.1 Summonings
 + Level 4.7 Transmutations
 + Level 7.4 Air Magic
 + Level 1.7 Invocations


You had 4 spell levels left.
You knew the following spells:

 Your Spells              Type           Power      Damage    Failure   Level
a - Call Imp              Summ           40%        N/A       1%          2
b - Call Canine Familiar  Summ           40%        N/A       1%          3
c - Summon Small Mammal   Summ           100%       N/A       1%          1
d - Summon Lightning Spi  Summ/Air       38%        N/A       6%          4

Your spell library contained the following spells:

 Spells                   Type           Power      Damage    Failure   Level
 Static Discharge         Conj/Air       20%        N/A       4%          2
 Summon Guardian Golem    Hex/Summ       21%        N/A       9%          3
 Magic Dart               Conj           12%        1d3       16%         1
 Mephitic Cloud           Conj/Pois/Air  14%        N/A       17%         3
 Ignite Poison            Fire/Tmut/Pois 10%        N/A       24%         3
 Conjure Flame            Conj/Fire      3%         6-21      41%         3
 Dispel Undead            Necr           3%         3d7       83%         4
 Sticky Flame             Conj/Fire      3%         2d3       83%         4
 Storm Form               Tmut/Air       15%        N/A       100%        7
 Maxwell's Capacitive Co  Air            18%        ∞         100%        8


Dungeon Overview and Level Annotations

Branches:
Dungeon (9/15)             Temple (1/1) D:4            Lair (0/6) D:9
    Orc: D:9-12

Altars:
Cheibriados
Elyvilon
Fedhas
Kikubaaqudgha
Nemelex Xobeh
Ru
Sif Muna
Yredelemnul
Zin
The Shining One

Shops:
D:1 ?*:[

Annotations:
D:8 3 runed translucent doors
D:9 Grum


Innate Abilities, Weirdness & Mutations

You have razor-sharp teeth.
Your natural rate of healing is unusually fast.
When hurt, damage is shared between your health and your magic reserves.
Your bite disrupts and absorbs the magic of your enemies.
Potions cannot restore your health.


Message History

The wolf bites you but does no damage.
Casting: Call Imp (safe; 1% risk of failure)
Confirm with . or Enter, or press ? or * to list all spells.
The wolf bites you!
Grum hits you from afar with a +1 spear of venom.
You are poisoned.
You miss the wolf.
You feel very sick. You block the wolf's attack. The wolf bites you.
Grum hits you from afar with a +1 spear of venom!
You are more poisoned.
Your crimson imp blinks!
You feel extremely sick.
Your wolf bites the wolf!
The wolf barely misses you.
Your wolf bites the wolf but does no damage.
You block the wolf's attack.
Your system rejects the healing.
You feel better.
Your wolf completely misses the wolf.
The wolf barely misses you.
Your wolf bites the wolf but does no damage.
Grum points his finger and snarls, "Attack!"
You block Grum's attack. The wolf bites you.
Your crimson imp blinks!
As you read the scroll of teleportation, it crumbles to dust.
You feel strangely unstable.
Your wolf closely misses the wolf.
The wolf bites you.
Grum hits you from afar with a +1 spear of venom!
* * * LOW HITPOINT WARNING * * *
You are poisoned.
Your wolf bites the wolf but does no damage.
The wolf bites you.
* * * LOW HITPOINT WARNING * * *
Okay, then.
Magic courses through your body.
You feel sick.
Your wolf closely misses the wolf.
The wolf completely misses you.
Grum hits you from afar with a +1 spear of venom!
* * * LOW HITPOINT WARNING * * *
You are lethally poisoned!
You are confused.
Your system rejects the healing.
You feel invigorated.
You die...

..##.# #.#
#.>.)[).#.#.##
..)#.# #.#######
#.......#.#...
...#.# #.......#
#....)[.#.#.#.
...#.#####.####..#
##.....##.....
...........####..##
#...[.(....##
##########.##.....#
#............
####.....#
#########....
##....###.... #.##.
. ##.@##......
#.... g.. #hh#....#
###.. #..g##'..#
#.. ##.h5§..## #..
#..≈§..# #..
#5.≈§..# #>#
#..####..# #..
....####.... ###
...##..##.(..


You could see Grum, 2 wolves, a friendly wolf (summoned) and a friendly crimson
imp (summoned).

Vanquished Creatures
  2 wyverns (D:8)
  6 yaks (D:9)
  A water moccasin (D:7)
  An ice beast (D:6)
  2 ogres
  3 orc warriors
  2 phantoms
  A bullfrog (D:7)
  A scorpion (D:5)
  5 killer bees (D:9)
  A water moccasin skeleton (D:4)
  2 wights (D:9)
  3 centaur zombies
  A human zombie (D:4)
  Natasha (D:4)
  2 iguanas
  Jessica (D:3)
  A bullfrog skeleton (D:6)
  2 centaur skeletons
  6 orc wizards
  A killer bee zombie (D:4)
  A mummy (D:4)
  2 adders
  An adder skeleton (D:4)
  An adder zombie (D:4)
  2 worms (D:2)
  A dart slug (D:1)
  17 orcs
  4 endoplasms
  2 giant cockroaches
  6 goblins
  4 hobgoblins
  8 ball pythons
  3 bats
  A frilled lizard (D:1)
  5 kobolds
  2 rats
105 creatures vanquished.

Vanquished Creatures (collateral kills)
  Erolcha (D:9)
  A komodo dragon (D:9)
  Maggie (D:6)
  Sigmund (D:3)
  4 yaks (D:9)
  2 steam dragons
  An ice beast (D:7)
  A necrophage (D:4)
  4 ogres
  The ghost of Bediveer the Caller, an amateur TeSu (D:3)
  A scorpion (D:7)
  3 wights (D:9)
  2 centaur zombies
  2 hounds
  2 jellies
  Crazy Yiuf (D:6)
  An iguana (D:4)
  Natasha (twice) (D:4)
  5 orc wizards
  3 mummies (D:4)
  8 gnolls
  An adder zombie (D:4)
  2 worms
  2 dart slugs (D:2)
  15 orcs
  4 endoplasms
  2 giant cockroaches
  4 goblins
  2 hobgoblins (D:1)
  A bat (D:1)
  A frilled lizard (D:2)
  6 kobolds (D:2)
  A quokka zombie (D:4)
  2 rats
90 creatures vanquished.

Vanquished Creatures (others)
  A black bear (D:8)
  An orc warrior (D:6)
  A wight (D:9)
  20 plants (D:9)
  2 withered plants (D:3)
25 creatures vanquished.

Grand Total: 220 creatures vanquished

Notes
Turn   | Place    | Note
-------+----------+-------------------------------------------
     0 | D:1      | Zeldest the Vine Stalker Summoner began the quest for the
                  | Orb.
     0 | D:1      | Reached XP level 1. HP: 9/9 MP: 4/4
   149 | D:1      | Found a faded altar of an unknown god.
   153 | D:1      | Prayed at the altar of an unknown god.
   153 | D:1      | Became a worshipper of Zin the Law-Giver
   153 | D:1      | Reached * piety under Zin
   186 | D:1      | Found Siadu's Book Shop.
   192 | D:1      | Found Gomue's Magic Scroll Shoppe.
   261 | D:1      | Reached XP level 2. HP: 12/14 MP: 4/6
   390 | D:1      | Found Lurheufi's Assorted Antiques.
   420 | D:1      | Bought a scroll labelled BAAT YTATU for 23 gold pieces
   450 | D:1      | Found Nadat's Antique Armour Shoppe.
   594 | D:1      | Reached XP level 3. HP: 17/17 MP: 7/7
   604 | D:1      | Learned a level 3 spell: Call Canine Familiar
   606 | D:1      | Reached skill level 1 in Fighting
   684 | D:2      | Reached skill level 1 in Unarmed Combat
   684 | D:2      | Reached skill level 1 in Invocations
   686 | D:2      | Gained mutation: Your natural rate of healing is unusually
                  | fast. [Vine Stalker growth]
   686 | D:2      | Reached XP level 4. HP: 21/22 MP: 2/9
   690 | D:2      | Reached skill level 1 in Air Magic
   690 | D:2      | Fell from the grace of Zin
   707 | D:2      | Learned a level 2 spell: Call Imp
  1194 | D:3      | Reached XP level 5. HP: 19/25 MP: 5/10
  1350 | D:3      | Reached skill level 1 in Shields
  1361 | D:3      | Reached XP level 6. HP: 30/30 MP: 6/11
  1427 | D:3      | Noticed Jessica
  1444 | D:3      | Killed Jessica
  1611 | D:4      | Noticed Natasha
  1624 | D:4      | Killed Natasha
  1648 | D:4      | Noticed Natasha
  1690 | D:4      | Killed Natasha
  1715 | D:4      | You fall into a shaft and drop 1 floor!
  1715 | D:5      | Entered Level 5 of the Dungeon
  1754 | D:5      | Reached skill level 5 in Summonings
  1754 | D:5      | Reached XP level 7. HP: 25/35 MP: 2/12
  1892 | D:4      | Learned a level 4 spell: Summon Lightning Spire
  1902 | D:4      | Found a glowing silver altar of Zin.
  2121 | D:3      | Noticed Sigmund
  2144 | D:3      | Found a runed translucent door.
  2144 | D:3      | Noticed Bediveer's ghost (amateur TeSu)
  2155 | D:3      | Killed Bediveer's ghost
  2383 | D:4      | Found a basalt altar of Yredelemnul.
  2456 | D:4      | Gained mutation: You have razor-sharp teeth. [Vine Stalker
                  | growth]
  2456 | D:4      | Reached XP level 8. HP: 40/40 MP: 9/13
  2552 | D:3      | Killed Sigmund
  2621 | D:4      | Noticed Natasha
  2636 | D:4      | Found a staircase to the Ecumenical Temple.
  2641 | D:4      | Killed Natasha
  2663 | Temple   | Entered the Ecumenical Temple
  2684 | Temple   | Became a worshipper of Cheibriados the Contemplative
  2859 | D:5      | Reached skill level 6 in Summonings
  3012 | D:6      | Reached XP level 9. HP: 46/46 MP: 7/14
  3057 | D:6      | Noticed Maggie
  3058 | D:6      | Identified the +0 buckler "Dopliere" {rF+++ rC- Str+2
                  | Dex+3}
  3074 | D:6      | Killed Maggie
  3075 | D:6      | Reached skill level 5 in Unarmed Combat
  3075 | D:6      | Reached skill level 5 in Air Magic
  3180 | D:6      | Reached * piety under Cheibriados
  3338 | D:6      | Found a runed translucent door.
  3339 | D:6      | Noticed Crazy Yiuf
  3351 | D:6      | Killed Crazy Yiuf
  3352 | D:6      | Reached skill level 5 in Fighting
  3479 | D:7      | Reached skill level 1 in Transmutations
  3488 | D:7      | Reached skill level 7 in Summonings
  4045 | D:8      | Found a runed translucent gate.
  4045 | D:8      | Found a runed translucent gate.
  4045 | D:8      | Found a runed translucent gate.
  4045 | D:8      | Noticed a glowing orange brain
  4045 | D:8      | Noticed a purple ugly thing
  4046 | D:8      | Noticed a white ugly thing
  4046 | D:8      | Noticed a purple ugly thing
  4049 | D:8      | Noticed a white ugly thing
  4052 | D:8      | Noticed a red ugly thing
  4137 | D:8      | Reached XP level 10. HP: 33/52 MP: 8/15
  4208 | D:8      | Found a blossoming altar of Fedhas.
  4211 | D:8      | Reached ** piety under Cheibriados
  4297 | D:9      | Found a shimmering blue altar of Sif Muna.
  4456 | D:9      | Found a staircase to the Lair.
  4494 | D:9      | Noticed Erolcha
  4528 | D:9      | Killed Erolcha
  4529 | D:9      | Reached skill level 8 in Summonings
  4704 | D:9      | Found a white marble altar of Elyvilon.
  4773 | D:9      | Found an ancient bone altar of Kikubaaqudgha.
  4803 | D:9      | Reached *** piety under Cheibriados
  5094 | D:9      | Noticed Grum
  5106 | D:9      | Succumbed to Grum's poison

Illustrated notes

Levels and vault maps discovered:
D:1:      lightli_arrival_statue_moat, layout_loops_corners,
          chequers_ecumenical_altar_grove, serial_shops,
          nicolae_shop_waterfront, nicolae_shop_waterfront, shop, shop
D:2:      minmay_kobold_bridge, layout_basic
D:3:      layout_loops_cross, gammafunk_ghost_grave, dk_vineyard_3,
          uniq_jessica, uniq_sigmund
D:4:      layout_loops_ring, zin_statuary, lemuel_mausoleum_altar_yredelemnul,
          kennysheep_okawaru_gauntlet, minmay_temple_entry_sparse_star,
          supply_closet_lemuel, uniq_natasha
D:5:      layout_rooms
D:6:      layout_basic, lightli_minifort, uniq_maggie, uniq_edmund,
          uniq_crazy_yiuf_cottage, uniq_prince_ribbit1, uniq_grinder
D:7:      lemuel_ice_spiral_2, layout_basic, serial_curves, eino_curves_04,
          eino_curves_04, minmay_joined_circles
D:8:      layout_cave_pools, fedhas_altar_2, lemuel_round_altar,
          ploomutoo_gammafunk_ghost_potion_laboratory, nrook_loot_triangle,
          chequers_serial_rivers_micro_a
D:9:      layout_loops_cross, mainiacjoe_overflow_paths,
          nzn_wu_jian_council_hall, mainiacjoe_overflow_24_doors,
          mainiacjoe_overflow_two_lobes, general_overflow_altar,
          david_lair_shrubbed, uniq_erolcha, uniq_grum
Temple:   jpeg_temple_clearing

Skill      XL: |  1  2  3  4  5  6  7  8  9 10 |
---------------+-------------------------------+-----
Fighting       | 1 2 3 4 5 6 |  6.6
Unarmed Combat | 1 2 3 4 6 7 |  7.2
Invocations    | 1 |  1.7
Air Magic      | 1 2 3 4 6 7 |  7.4
Shields        | 1 2 3 4 |  4.0
Summonings     | 5 6 7 8 |  8.1
Transmutations | 2 4 |  4.7
Dodging        | |  1.5
Stealth        | |  2.4
Spellcasting   | |  2.7

Action                   |  1- 3 |  4- 6 |  7- 9 | 10-12 || total
-------------------------+-------+-------+-------+-------++-------
Melee: Unarmed           |    26 |       |       |       ||    26
       Bite              |    15 |    17 |    47 |    31 ||   110
       Spear             |    31 |    90 |   113 |   108 ||   342
       Punch             |     1 |       |       |       ||     1
       Trident           |       |       |    73 |       ||    73
 Cast: Summon Small Mamm |    20 |     3 |     6 |     1 ||    30
       Call Canine Famil |     2 |    11 |    29 |    11 ||    53
       Call Imp          |       |    14 |    33 |    10 ||    57
       Summon Lightning  |       |       |       |     7 ||     7
Invok: Recite            |     2 |       |       |       ||     2
       Renounce Religion |       |     1 |       |       ||     1
Evoke: Wand              |       |       |     6 |     1 ||     7
  Use: Scroll            |     2 |     3 |     4 |     1 ||    10
       Potion            |       |     4 |       |     4 ||     8
 Stab: Sleeping          |     4 |     6 |     2 |     1 ||    13
       Distracted        |     1 |     1 |       |     1 ||     3
Armor: Robe              |    12 |     9 |    31 |       ||    52
       Steam dragon scal |       |       |    10 |    47 ||    57
Dodge: Dodged            |    29 |    25 |    76 |    79 ||   209
Block: Buckler           |       |    11 |    29 |    27 ||    67
